 Dungeon Crawl Stone Soup version 0.19.1-1-g22dce08 (webtiles) character file.

2221 Alarkh the Cleaver (level 9, 53/63 HPs)
             Began as a Demonspawn Monk on Jan 12, 2017.
             Was a Believer of Trog.
             Quit the game on level 7 of the Dungeon.
             The game lasted 00:07:15 (5001 turns).

Alarkh the Cleaver (Demonspawn Monk)                Turns: 5001, Time: 00:07:15

Health: 53/63      AC: 10    Str: 12    XL:     9   Next: 13%
Magic:  9/9        EV: 13    Int: 17    God:    Trog [**....]
Gold:   376        SH:  0    Dex: 17    Spells: 0 memorised, 8 levels left

rFire  . . .     SeeInvis .     a - +2 war axe
rCold  . . .     Gourm    .     r - +4 ring mail {rN+}
rNeg   + + .     Faith    .     (no shield)
rPois  +         Spirit   .     B - +0 helmet
rElec  .         Reflect  .     (no cloak)
rCorr  .         Harm     .     (no gloves)
MR     .....                    (no boots)
Stlth  +.........               H - amulet of Girchuz {rPois Regen+ Int+2}
                                h - ring of positive energy
                                K - +2 ring of evasion

@: exhausted, slowed, very slow
A: claws 1, agile 1, powered by pain 1, slow regeneration 1, spiny 2, sanguine
armour 2
a: Berserk, Trog's Hand, Burn Spellbooks, Renounce Religion


You were on level 7 of the Dungeon.
You worshipped Trog.
Trog was pleased with you.
You were very hungry.

You visited 2 branches of the dungeon, and saw 8 of its levels.

You collected 376 gold pieces.

Inventory:

Hand Weapons
 a - a +2 war axe (weapon)
 b - a +0 short sword of venom
 u - a +0 hand axe
Armour
 p - a +0 robe
 r - a +4 ring mail of positive energy (worn)
 B - a +0 helmet (worn)
Jewellery
 h - a ring of positive energy (right claw)
 m - an uncursed ring of fire
 w - an uncursed ring of stealth
 G - an uncursed ring of teleportation
 H - the amulet of Girchuz (around neck) {rPois Regen+ Int+2}
   (You found it on level 6 of the Dungeon)

   [amulet of regeneration]

   It affects your intelligence (+2).
   It protects you from poison.
   It increases your rate of regeneration.
 K - a +2 ring of evasion (left claw)
Wands
 y - a wand of polymorph (15/24)
 C - a wand of flame (26/48)
Scrolls
 d - 3 scrolls of amnesia
 e - a scroll of identify
 f - 2 scrolls of noise
 i - 2 scrolls of immolation
 j - 2 scrolls of random uselessness {unknown}
 l - 2 scrolls of magic mapping {unknown}
 q - a scroll of fear
 x - a scroll of recharging
 A - 3 scrolls of fog {unknown}
 E - 2 scrolls of teleportation {unknown}
 I - a scroll of blinking
Potions
 g - 2 potions of magic
 k - a potion of flight
 n - 2 potions of heal wounds
 o - a potion of ambrosia
 s - 4 potions of curing
 F - 2 potions of beneficial mutation
Books
 D - a book of Changes

   Spells                             Type                      Level
   a - Beastly Appendage              Transmutation                1
   b - Sticks to Snakes               Transmutation                2
   c - Spider Form                    Transmutation/Poison         3
   d - Ice Form                       Ice/Transmutation            4
   e - Blade Hands                    Transmutation                5
   Trog disapproves of the use of such an item.
 J - a book of Callings

   Spells                             Type                      Level
   a - Summon Small Mammal            Summoning                    1
   b - Call Imp                       Summoning                    2
   c - Call Canine Familiar           Summoning                    3
   d - Summon Guardian Golem          Hexes/Summoning              3
   e - Summon Lightning Spire         Summoning/Air                4
   f - Summon Ice Beast               Ice/Summoning                4
   Trog disapproves of the use of such an item.
Comestibles
 c - 7 bread rations
 t - 2 beef jerkies
 v - a slice of pizza
 z - a meat ration


   Skills:
 - Level 3.0 Fighting
 + Level 11.3 Axes
 - Level 2.6 Dodging
 - Level 1.7 Stealth


You had 8 spell levels left.
You didn't know any spells.

Dungeon Overview and Level Annotations

Branches:
Dungeon (7/15)             Temple (1/1) D:5

Altars:
Ashenzari
Cheibriados
Dithmenos
Elyvilon
Fedhas
Gozag
Hepliaklqana
Kikubaaqudgha
Makhleb
Nemelex Xobeh
Okawaru
Qazlal
Ru
Sif Muna
Trog
Uskayaw
Vehumet
Xom
Yredelemnul
Zin
The Shining One


Innate Abilities, Weirdness & Mutations

You have sharp fingernails.
You sometimes gain a little power by taking damage.
You are mostly covered in sharp spines.
When seriously injured, your bleeding wounds create thick armour. (AC +0)
You are agile. (Dex +2)
You regenerate slowly when monsters are visible.


Message History

You slash the orc warrior!
The orc warrior is almost dead.
You barely miss the orc warrior.
The orc warrior is almost dead.
The orc warrior barely misses you.
You hit the orc warrior.
You kill the orc warrior!
Trog accepts your kill.
Items here: ( ) [ † a short sword; a plate armour; 27 stones; an orc corpse You butcher the orc corpse.
You feel a strong urge to attack something.
You are no longer berserk.
You are exhausted.
You feel yourself slow down.
Eat one of 2 chunks of flesh? (ye/n/q)
You start eating one of the 2 chunks of flesh.
This raw flesh tastes terrible.
You are feeling very hungry.
Are you sure you want to abandon this character and quit the game? (Confirm with "yes".)

#.# #.. #.#
.. ########.#
.........#
####++####..#
#...%....##.#
#........#..#
#.....8.†#.##
+......@†'.#
+....$..††.#
#..8.....###
#........#
#.......)#
####++####


There were no monsters in sight!

Vanquished Creatures
  The ghost of Zargon the Gusty, an amateur NaAE (D:3)
  A spriggan (D:7)
  Duvessa (D:5)
  An orc warrior (D:7)
  An ice beast (D:6)
  5 ogres
  A necrophage (D:7)
  A phantom (D:7)
  A centaur (D:5)
  2 bullfrogs (D:7)
  2 scorpions (D:5)
  Dowan (D:5)
  3 killer bees (D:7)
  A bullfrog zombie (D:7)
  A crimson imp (D:5)
  A jelly (D:5)
  2 orc priests
  A bullfrog skeleton (D:5)
  2 iguanas
  5 worker ants
  An orc wizard (D:6)
  7 adders
  2 shadow imps
  An ooze (D:2)
  A worm (D:2)
  3 dart slugs
  3 leopard geckos
  15 orcs
  3 giant cockroaches
  2 goblins
  7 hobgoblins
  9 jackals
  5 kobolds
  2 quokkas
  9 bats
  4 frilled lizards
  A jackal zombie (D:5)
  6 rats
115 creatures vanquished.

Notes
Turn   | Place    | Note
-------+----------+-------------------------------------------
     0 | D:1      | Alarkh the Demonspawn Monk began the quest for the Orb.
     0 | D:1      | Reached XP level 1. HP: 18/18 MP: 1/1
   243 | D:1      | Reached skill level 3 in Axes
   354 | D:1      | Gained mutation: When seriously injured, your bleeding wounds create armour. (AC +0) [demonic ancestry]
   354 | D:1      | Reached XP level 2. HP: 17/24 MP: 2/2
  1042 | D:2      | Gained mutation: You are partially covered in sharp spines. [demonic ancestry]
  1042 | D:2      | Reached XP level 3. HP: 23/29 MP: 3/3
  1129 | D:2      | Reached skill level 4 in Axes
  1381 | D:2      | You fall through a shaft for 2 floors!
  1456 | D:3      | Gained mutation: When seriously injured, your bleeding wounds create thick armour. (AC +0) [demonic ancestry]
  1456 | D:3      | Reached XP level 4. HP: 8/35 MP: 4/4
  1806 | D:3      | Reached skill level 5 in Axes
  2198 | D:3      | Reached XP level 5. HP: 41/41 MP: 5/5
  2236 | D:3      | Noticed Zargon's ghost (amateur NaAE)
  2238 | D:3      | Gained mutation: You evolve. [potion of beneficial mutation]
  2263 | D:3      | Killed Zargon's ghost
  2263 | D:3      | Reached skill level 6 in Axes
  2263 | D:3      | Reached XP level 6. HP: 27/47 MP: 6/6
  2775 | D:4      | Gained mutation: You are agile. (Dex +2) [evolution]
  3002 | D:4      | Reached skill level 7 in Axes
  3243 | D:5      | Entered Level 5 of the Dungeon
  3265 | D:5      | Noticed Dowan
  3266 | D:5      | Gained mutation: You are mostly covered in sharp spines. [demonic ancestry]
  3266 | D:5      | Reached XP level 7. HP: 20/52 MP: 7/7
  3441 | D:5      | Killed Dowan
  3504 | D:5      | Found a shattered altar of Ashenzari.
  3605 | D:5      | Reached skill level 8 in Axes
  3711 | D:5      | Noticed Duvessa
  3772 | D:5      | Killed Duvessa
  3818 | D:5      | Found a staircase to the Ecumenical Temple.
  3830 | D:5      | Gained mutation: You have sharp fingernails. [demonic ancestry]
  3830 | D:5      | Reached XP level 8. HP: 53/58 MP: 8/8
  3833 | D:5      | Reached skill level 9 in Axes
  3841 | Temple   | Entered the Ecumenical Temple
  4102 | Temple   | Became a worshipper of Trog the Wrathful
  4102 | Temple   | Reached * piety under Trog
  4102 | Temple   | Reached ** piety under Trog
  4620 | D:6      | Reached skill level 10 in Axes
  4625 | D:6      | Got a twitching sapphire amulet
  4734 | D:6      | Identified the amulet of Girchuz {rPois Regen+ Int+2} (You found it on level 6 of the Dungeon)
  4854 | D:7      | Gained mutation: You regenerate slowly when monsters are visible. [evolution]
  4854 | D:7      | Lost mutation: You evolve. [end of evolution]
  4986 | D:7      | Reached skill level 11 in Axes
  4986 | D:7      | Gained mutation: You sometimes gain a little power by taking damage. [demonic ancestry]
  4986 | D:7      | Reached XP level 9. HP: 63/63 MP: 9/9
  5001 | D:7      | Quit the game

Skill      XL: |  1  2  3  4  5  6  7  8 |
---------------+-------------------------+-----
Axes           | 3 4 5 6 7 8 11 | 11.3
Fighting       | |  3.0
Dodging        | |  2.6
Stealth        | |  1.7

Action                   |  1- 3 |  4- 6 |  7- 9 || total
-------------------------+-------+-------+-------++-------
Melee: Hand axe          |   106 |    19 |       ||   125
       War axe           |       |    64 |   139 ||   203
Invok: Berserk           |       |       |     1 ||     1
  Use: Scroll            |     3 |     6 |     8 ||    17
       Potion            |     4 |     2 |       ||     6
 Stab: Sleeping          |     2 |     3 |     3 ||     8
       Distracted        |     1 |     1 |       ||     2
  Eat: Chunk             |     2 |     5 |     6 ||    13
Armor: Robe              |     6 |       |       ||     6
       Ring mail         |    17 |    20 |    55 ||    92
Dodge: Dodged            |    73 |    32 |    66 ||   171
